AoeStats
← flynorc

Four Lakes

508191075Analyzed
1v1 RM · 11d ago on Sep 21, 2026· 37m 46s· 2 players
Game mode
Random Map
Map size
Tiny (2 player)
Population
200
Speed
Normal
Resources
Standard
Victory
Conquest
Starting age
Dark Age
Ending age
Imperial Age
RankedLock teamsTeams togetherTeam positionsShared explorationLock speedFull tech treeHidden civsTurbo modeCheats
Victory
Defeat
🇦🇹 Italians · Austria
1540
+17
🇩🇪 Japanese · Germany
1558
-17
flynorc
7:19 Loom
9:49 Feudal Age
13:06 Double-Bit Axe
17:52 Fletching
20:29 Castle Age
19:43 Forging
21:29 Medium Warships
22:02 Forging
24:10 Fishing Lines
25:15 Bow Saw
26:52 Bodkin Arrow
32:02 Imperial Age
30:28 Horse Collar
31:19 Ballistics
31:02 Gillnets
31:18 Gold Mining
32:50 Bracer
34:33 Chemistry
35:26 Wheelbarrow
35:55 Scale Barding Armor
35:44 Light Cavalry
36:37 Bloodlines
37:05 Padded Archer Armor
38:41 Chain Barding Armor
Alex
8:24 Loom
11:42 Feudal Age
12:23 Double-Bit Axe
20:28 Fishing Lines
25:01 Castle Age
25:56 Medium Warships
28:52 Fletching
31:37 Bow Saw
31:29 Bodkin Arrow
35:30 Imperial Age
33:14 Elite Skirmisher
33:55 Padded Archer Armor
34:32 Scale Mail Armor
34:42 Forging
36:14 Chain Mail Armor
37:51 Ballistics
37:50 Leather Archer Armor
Connection lost

Rejoining the realm…

Still unreachable

The connection could not be restored.

Session expired

The server has moved on; the page needs a fresh start.